Predators vs MapleLeafs

Created - March 25, 2015 at 17:30

Goals
1 2 3 T
Predators 2 0 1 3
MapleLeafs 1 2 1 4
Shots
1 2 3 T
Predators 11 12 15 38
MapleLeafs 10 11 13 34

1st period

1. MapleLeafs , Evander Kane 24 (Jay Bouwmeester, Milan Lucic) at 2:04 (PP)
2. Predators , Zach Bogosian 12 (Nicklas Backstrom) at 9:26 (PP)
3. Predators , Patrik Berglund 4 (Anton Stralman, Jordie Benn) at 19:37

Penalties :
Brandon Prust (NSH) for Holding (Minor) at 1:40, Nikita Zadorov (NSH) for Interference (Minor) at 2:40, Devante Smith-Pelly (TOR) for High sticking (Minor) at 9:24, Nick Holden (TOR) for Roughing (Minor) at 9:46, Antoine Roussel (TOR) for Hooking (Minor) at 17:26

2nd period

4. MapleLeafs , Vladimir Tarasenko 29 (Evander Kane, Jay Bouwmeester) at 4:18
5. MapleLeafs , Gregory Campbell 2 (Antoine Vermette, Michael Del Zotto) at 15:40

Penalties :
Antoine Roussel (TOR) for Roughing (Minor) at 0:34, Gregory Campbell (TOR) for Roughing (Minor) at 6:29, Gregory Campbell (TOR) for Holding (Minor) at 9:23, Derick Brassard (NSH) for Hooking (Minor) at 9:23, Steven Stamkos (NSH) for Hooking (Minor) at 13:14

3rd period

6. MapleLeafs , Antoine Vermette 17 (Nick Holden, Jay Bouwmeester) at 12:13
7. Predators , Nicklas Backstrom 29 (Cody Franson, Max Pacioretty) at 16:17

Penalties :
Milan Lucic (TOR) for Tripping (Minor) at 0:03, Antoine Roussel (TOR) for Tripping (Minor) at 2:50, Jordie Benn (NSH) for Slashing (Minor) at 7:24, Cody Franson (NSH) for Roughing (Minor) at 12:59, Steven Stamkos (NSH) for Interference (Minor) at 16:19

Goalie Stats

Carter Hutton (NSH), 30 saves from 34 shots - (0.882), L, 9-7-3, 59:07 minutes
Petr Mrazek (TOR), 35 saves from 38 shots - (0.921), W, 12-12-2, 60:00 minutes

Players Stats for Predators

Player Name              G  A  P  +/- PIM S  H  SB GA TA FO     MP     PP MP  PK MP  
------------------------------------------------------------------------------------
Anton Stralman           0  1  1   1  0   2  1  1  0  0  0/0    20:26   6:22   0:31 
Artem Anisimov           0  0  0   0  0   2  0  0  0  0  2/2    19:02   5:25   3:08 
Brandon Prust            0  0  0  -1  2   0  2  0  0  0  0/2    11:43   0:00   3:08 
Casey Cizikas            0  0  0  -1  0   0  0  0  0  0  14/24  15:04   0:00   6:28 
Cody Franson             0  1  1  -1  2   0  4  0  0  0  0/0    19:45   0:00   4:03 
Derick Brassard          0  0  0   0  2   1  1  0  0  0  0/1    15:53   5:25   0:00 
J.T. Miller              0  0  0   1  0   0  1  0  0  0  1/3     6:45   0:29   0:43 
Jaden Schwartz           0  0  0  -1  0   4  1  0  0  0  0/0    17:04   6:31   0:00 
Jordie Benn              0  1  1   1  2   0  3  2  0  0  0/0    14:18   0:29   4:06 
Justin Abdelkader        0  0  0   1  0   0  0  0  0  0  2/2     5:33   0:00   0:00 
Max Pacioretty           0  1  1  -1  0   6  1  0  0  0  1/1    19:08   6:31   0:00 
Nicklas Backstrom        1  1  2  -1  0   3  3  0  0  0  18/27  18:09   6:31   0:00 
Nikita Zadorov           0  0  0  -1  2   0  0  0  0  0  0/0    11:05   0:00   0:00 
Patrik Berglund          1  0  1   1  0   1  0  0  0  0  0/0    12:44   0:00   7:11 
Roman Josi               0  0  0  -1  0   4  0  1  0  0  0/0    24:47   5:05   6:01 
Steven Stamkos           0  0  0   0  4   7  3  1  0  0  8/15   17:36   5:34   0:00 
Valtteri Filppula        0  0  0  -1  0   5  0  0  0  0  4/6    14:31   4:56   0:00 
Zach Bogosian            1  0  1  -1  0   3  0  1  0  0  0/0    24:02   6:22   5:57 

Players Stats for MapleLeafs

Player Name              G  A  P  +/- PIM S  H  SB GA TA FO     MP     PP MP  PK MP  
------------------------------------------------------------------------------------
Alexei Emelin            0  0  0   0  0   2  3  0  0  0  0/0    20:13   4:42   5:08 
Antoine Roussel          0  0  0   0  6   4  9  0  0  0  1/6    17:21   5:09   1:33 
Antoine Vermette         1  1  2   1  0   4  0  0  0  0  0/0    14:22   0:00   0:00 
Brandon Gormley          0  0  0   0  0   0  0  0  0  0  0/0     2:43   0:00   0:07 
Brock Nelson             0  0  0   0  0   3  0  1  0  0  11/20  18:48   5:09   3:49 
Daniel Briere            0  0  0   1  0   1  0  0  0  0  3/9    13:59   0:00   0:56 
Devante Smith-Pelly      0  0  0   0  2   2  5  0  0  0  2/3    14:36   5:09   0:00 
Eric Gelinas             0  0  0   0  0   4  3  1  0  0  0/0    20:13   4:42   5:08 
Evander Kane             1  1  2   0  0   2  2  0  0  0  0/0    26:42   5:10   7:59 
Gregory Campbell         1  0  1   1  4   2  2  0  0  0  1/1    12:38   0:00   0:00 
Jamie Oleksiak           0  0  0   0  0   0  2  0  0  0  0/0    13:25   0:00   1:02 
Jay Bouwmeester          0  3  3   1  0   2  0  4  0  0  0/0    27:24   5:37   6:48 
Michael Del Zotto        0  1  1   0  0   0  2  0  0  0  0/0    12:23   0:00   0:00 
Michael Grabner          0  0  0   0  0   0  0  0  0  0  0/1     1:42   0:00   0:00 
Milan Lucic              0  1  1   0  2   1  2  1  0  0  12/38  25:05   5:10   6:18 
Nick Holden              0  1  1   1  2   1  3  2  0  0  0/0    23:38   5:37   5:39 
Nick Leddy               0  0  0   0  0   0  0  0  0  0  0/0     0:00   0:00   0:00 
Vladimir Tarasenko       1  0  1   0  0   6  0  0  0  0  3/5    20:45   5:10   3:17 

3 Stars

1 - Jay Bouwmeester (TOR)
2 - Evander Kane (TOR)
3 - Antoine Vermette (TOR)

Power Play

Predators - 1 on 7 Attempt(s) - 14.29%
MapleLeafs - 1 on 6 Attempt(s) - 16.67%

Penalty Kill

Predators - 5 on 6 Attempt(s) - 83.33% - Score 0 goal in Penalty Kill
MapleLeafs - 6 on 7 Attempt(s) - 85.71% - Score 0 goal in Penalty Kill

Team Stat

Predators - Hits : 20 - Faceoff Wins : 50 - Blocked Shots : 6 - Penalty Minutes : 14
MapleLeafs - Hits : 33 - Faceoff Wins : 33 - Blocked Shots : 9 - Penalty Minutes : 16

Official

Referees : Jon Mclsaac and Dean Morton
Linesman : Jay Sharrers and Greg Devorski

Game Notes

No Game Note

Finance

Level 1 -- Attendance: 6036 (92.86%) -- Ticket Income $633,780
Level 2 -- Attendance: 3531 (70.62%) -- Ticket Income $282,480
Level 3 -- Attendance: 2357 (67.34%) -- Ticket Income $153,205
Level 4 -- Attendance: 1563 (55.45%) -- Ticket Income $85,965
Luxury Box -- Attendance: 1000 (100.00%) -- Ticket Income $205,000
Game was played at the Air Canada Center'
Total Attendance: 14487 (76.98%)
Total Ticket Income: $1,360,430
Other Income: $204,064
Total Income: $1,564,494

% Time on Ice - Predators

Lines # - Real PCT - Wanted PCT - Time Play
Normal Forward
1 - 30% - 33% - 10:33
2 - 30% - 33% - 10:29
3 - 24% - 26% - 8:36
4 - 16% - 8% - 5:33
Normal Defense
1 - 33% - 33% - 11:44
2 - 32% - 32% - 11:06
3 - 28% - 25% - 9:44
4 - 7% - 10% - 2:37
PP Forward
1 - 55% - 64% - 6:31
2 - 45% - 36% - 5:25
PP Defense
1 - 47% - 60% - 5:34
2 - 53% - 40% - 6:22
PK Forward
1 - 70% - 60% - 7:11
2 - 30% - 40% - 3:08
PK Defense
1 - 55% - 60% - 5:39
2 - 45% - 40% - 4:40
PK3 Forward
1 - 0% - 60%
2 - 0% - 40%
PK3 Defense
1 - 0% - 60%
2 - 0% - 40%
44 Forward
1 - 75% - 60% - 1:29
2 - 25% - 40% - 0:30
44 Defense
1 - 69% - 60% - 1:22
2 - 31% - 40% - 0:37
Last Minute Offensive  - 0:35
Last Minute Defensive  - 0:00
Total
Forward - 60:00
Defense - 60:00

% Time on Ice - MapleLeafs

Lines # - Real PCT - Wanted PCT - Time Play
Normal Forward
1 - 32% - 40% - 11:13
2 - 27% - 30% - 9:28
3 - 36% - 20% - 12:40
4 - 5% - 10% - 1:42
Normal Defense
1 - 30% - 40% - 10:26
2 - 27% - 30% - 9:38
3 - 35% - 20% - 12:23
4 - 7% - 10% - 2:36
PP Forward
1 - 50% - 60% - 5:10
2 - 50% - 40% - 5:09
PP Defense
1 - 54% - 60% - 5:37
2 - 46% - 40% - 4:42
PK Forward
1 - 72% - 60% - 8:39
2 - 28% - 40% - 3:17
PK Defense
1 - 57% - 60% - 6:48
2 - 43% - 40% - 5:08
PK3 Forward
1 - 0% - 60%
2 - 0% - 40%
PK3 Defense
1 - 0% - 60%
2 - 0% - 40%
44 Forward
1 - 82% - 60% - 1:37
2 - 18% - 40% - 0:22
44 Defense
1 - 62% - 60% - 1:14
2 - 38% - 40% - 0:45
Last Minute Offensive  - 0:00
Last Minute Defensive  - 0:43
Total
Forward - 60:00
Defense - 60:00

Play by Play

1st period


0:01 of 1st period - Nicklas Backstrom wins face-off versus Milan Lucic in neutral zone.
0:25 of 1st period - Shot by Jaden Schwartz.
0:25 of 1st period - Shot Blocked by Nick Holden.
0:45 of 1st period - Shot by Nicklas Backstrom.
0:45 of 1st period - Shot Misses the Net.
1:07 of 1st period - Artem Anisimov is hit by Antoine Roussel and loses puck.
1:24 of 1st period - Derick Brassard is hit by Eric Gelinas and loses puck.
1:34 of 1st period - Derick Brassard is hit by Eric Gelinas and loses puck.
1:40 of 1st period - Minor Penalty to Brandon Prust for Holding.
1:41 of 1st period - Casey Cizikas wins face-off versus Milan Lucic in Predators zone.
2:04 of 1st period - Shot by Evander Kane.
2:04 of 1st period - Goal by Evander Kane - Predators : 0 - MapleLeafs : 1.
2:05 of 1st period - Nicklas Backstrom wins face-off versus Daniel Briere in neutral zone.
2:31 of 1st period - Shot by Antoine Vermette.
2:31 of 1st period - Stopped by Carter Hutton without a rebound.
2:32 of 1st period - Brock Nelson wins face-off versus Casey Cizikas in Predators zone.
2:40 of 1st period - Minor Penalty to Nikita Zadorov for Interference.
2:41 of 1st period - Brock Nelson wins face-off versus Casey Cizikas in Predators zone.
2:42 of 1st period - Shot by Eric Gelinas.
2:42 of 1st period - Stopped by Carter Hutton without a rebound.
2:43 of 1st period - Casey Cizikas wins face-off versus Milan Lucic in Predators zone.
3:06 of 1st period - Shot by Evander Kane.
3:06 of 1st period - Shot Blocked by Zach Bogosian.
3:08 of 1st period - Shot by Jay Bouwmeester.
3:08 of 1st period - Shot Misses the Net.
3:10 of 1st period - Shot by Milan Lucic.
3:10 of 1st period - Stopped by Carter Hutton without a rebound.
3:11 of 1st period - Casey Cizikas wins face-off versus Brock Nelson in Predators zone.
3:11 of 1st period - Casey Cizikas is hit by Devante Smith-Pelly.
3:55 of 1st period - Roman Josi is hit by Devante Smith-Pelly and loses puck.
4:50 of 1st period - Jamie Oleksiak is hit by Nicklas Backstrom and loses puck.
5:45 of 1st period - Shot by Artem Anisimov.
5:45 of 1st period - Shot Misses the Net.
5:58 of 1st period - Shot by Artem Anisimov.
5:58 of 1st period - Shot Misses the Net.
6:17 of 1st period - Vladimir Tarasenko is hit by Cody Franson and loses puck.
6:29 of 1st period - Shot by Jay Bouwmeester.
6:29 of 1st period - Shot Misses the Net.
6:43 of 1st period - Shot by Evander Kane.
6:43 of 1st period - Shot Blocked by Roman Josi.
7:15 of 1st period - Antoine Roussel is hit by Cody Franson and loses puck.
7:20 of 1st period - Shot by Brock Nelson.
7:20 of 1st period - Stopped by Carter Hutton with a rebound.
7:45 of 1st period - Icing by Alexei Emelin.
7:46 of 1st period - Casey Cizikas wins face-off versus Brock Nelson in MapleLeafs zone.
7:47 of 1st period - Shot by Valtteri Filppula.
7:47 of 1st period - Shot Blocked by Brock Nelson.
8:38 of 1st period - Shot by Vladimir Tarasenko.
8:38 of 1st period - Stopped by Carter Hutton without a rebound.
8:39 of 1st period - Daniel Briere wins face-off versus Nicklas Backstrom in Predators zone.
9:04 of 1st period - Antoine Vermette is hit by Jordie Benn and loses puck.
9:13 of 1st period - Shot by Gregory Campbell.
9:13 of 1st period - Shot Blocked by Jordie Benn.
9:24 of 1st period - Minor Penalty to Devante Smith-Pelly for High sticking.
9:25 of 1st period - Nicklas Backstrom wins face-off versus Milan Lucic in MapleLeafs zone.
9:26 of 1st period - Shot by Zach Bogosian.
9:26 of 1st period - Goal by Zach Bogosian - Predators : 1 - MapleLeafs : 1.
9:27 of 1st period - Justin Abdelkader wins face-off versus Milan Lucic in neutral zone.
9:45 of 1st period - Justin Abdelkader is hit by Nick Holden and loses puck.
9:46 of 1st period - Minor Penalty to Nick Holden for Roughing.
9:47 of 1st period - Nicklas Backstrom wins face-off versus Milan Lucic in MapleLeafs zone.
9:48 of 1st period - Shot by Jaden Schwartz.
9:48 of 1st period - Stopped by Petr Mrazek without a rebound.
9:49 of 1st period - Nicklas Backstrom wins face-off versus Milan Lucic in MapleLeafs zone.
10:00 of 1st period - Shot by Max Pacioretty.
10:00 of 1st period - Stopped by Petr Mrazek without a rebound.
10:01 of 1st period - Nicklas Backstrom wins face-off versus Milan Lucic in MapleLeafs zone.
10:35 of 1st period - Nicklas Backstrom is hit by Eric Gelinas and loses puck.
11:06 of 1st period - Shot by Artem Anisimov.
11:06 of 1st period - Shot Misses the Net.
11:08 of 1st period - Shot by Derick Brassard.
11:08 of 1st period - Stopped by Petr Mrazek without a rebound.
11:09 of 1st period - Vladimir Tarasenko wins face-off versus Derick Brassard in MapleLeafs zone.
11:31 of 1st period - Derick Brassard is hit by Jamie Oleksiak and loses puck.
11:48 of 1st period - Shot by Roman Josi.
11:48 of 1st period - Shot Misses the Net.
12:04 of 1st period - Shot by Daniel Briere.
12:04 of 1st period - Stopped by Carter Hutton with a rebound.
12:55 of 1st period - Shot by Nicklas Backstrom.
12:55 of 1st period - Stopped by Petr Mrazek without a rebound.
12:56 of 1st period - Devante Smith-Pelly wins face-off versus Casey Cizikas in MapleLeafs zone.
12:56 of 1st period - Devante Smith-Pelly is hit by Brandon Prust.
13:07 of 1st period - Off-side.
13:08 of 1st period - Milan Lucic wins face-off versus Nicklas Backstrom in neutral zone.
13:08 of 1st period - Eric Gelinas is hit by Nicklas Backstrom and loses puck.
13:15 of 1st period - Shot by Jaden Schwartz.
13:15 of 1st period - Shot Blocked by Eric Gelinas.
13:17 of 1st period - Shot by Max Pacioretty.
13:17 of 1st period - Shot Misses the Net.
13:19 of 1st period - Shot by Max Pacioretty.
13:19 of 1st period - Stopped by Petr Mrazek without a rebound.
13:20 of 1st period - Brock Nelson wins face-off versus Brandon Prust in MapleLeafs zone.
13:20 of 1st period - Brock Nelson is hit by Brandon Prust.
13:25 of 1st period - Brock Nelson is hit by Jordie Benn and loses puck.
13:32 of 1st period - Shot by Brock Nelson.
13:32 of 1st period - Stopped by Carter Hutton with a rebound.
13:35 of 1st period - Icing by Casey Cizikas.
13:36 of 1st period - Casey Cizikas wins face-off versus Milan Lucic in Predators zone.
13:38 of 1st period - Icing by Jordie Benn.
13:39 of 1st period - Milan Lucic wins face-off versus Casey Cizikas in Predators zone.
13:42 of 1st period - Shot by Vladimir Tarasenko.
13:42 of 1st period - Stopped by Carter Hutton without a rebound.
13:43 of 1st period - Milan Lucic wins face-off versus Casey Cizikas in Predators zone.
14:22 of 1st period - Shot by Milan Lucic.
14:22 of 1st period - Deflect By Vladimir Tarasenko.
14:22 of 1st period - Stopped by Carter Hutton with a rebound.
14:44 of 1st period - Antoine Roussel is hit by Steven Stamkos and loses puck.
14:51 of 1st period - Anton Stralman is hit by Antoine Roussel and loses puck.
15:14 of 1st period - Shot by Artem Anisimov.
15:14 of 1st period - Shot Misses the Net.
15:19 of 1st period - Off-side.
15:20 of 1st period - Nicklas Backstrom wins face-off versus Daniel Briere in neutral zone.
15:47 of 1st period - Shot by Nicklas Backstrom.
15:47 of 1st period - Shot Misses the Net.
16:06 of 1st period - Daniel Briere is hit by Max Pacioretty and loses puck.
16:55 of 1st period - Valtteri Filppula is hit by Evander Kane and loses puck.
17:26 of 1st period - Minor Penalty to Antoine Roussel for Hooking.
17:27 of 1st period - Artem Anisimov wins face-off versus Daniel Briere in MapleLeafs zone.
17:28 of 1st period - Shot by Steven Stamkos.
17:28 of 1st period - Stopped by Petr Mrazek with a rebound.
17:44 of 1st period - Shot by Roman Josi.
17:44 of 1st period - Stopped by Petr Mrazek with a rebound.
17:46 of 1st period - Shot by Roman Josi.
17:46 of 1st period - Deflect By Valtteri Filppula.
17:46 of 1st period - Stopped by Petr Mrazek without a rebound.
17:47 of 1st period - Milan Lucic wins face-off versus Nicklas Backstrom in MapleLeafs zone.
18:50 of 1st period - Shot by Roman Josi.
18:50 of 1st period - Shot Misses the Net.
18:52 of 1st period - Shot by Steven Stamkos.
18:52 of 1st period - Stopped by Petr Mrazek without a rebound.
18:53 of 1st period - Milan Lucic wins face-off versus Valtteri Filppula in MapleLeafs zone.
19:37 of 1st period - Shot by Patrik Berglund.
19:37 of 1st period - Goal by Patrik Berglund - Predators : 2 - MapleLeafs : 1.
19:38 of 1st period - Brock Nelson wins face-off versus J.T. Miller in neutral zone.
19:50 of 1st period - Justin Abdelkader is hit by Michael Del Zotto and loses puck.
19:57 of 1st period - Shot by Cody Franson.
19:57 of 1st period - Shot Misses the Net.
Goals for this period are 2 for Predators vs 1 for MapleLeafs.
Shots for this period are 11 for Predators vs 10 for MapleLeafs.

2nd period


0:01 of 2nd period - Steven Stamkos wins face-off versus Milan Lucic in neutral zone.
0:17 of 2nd period - Nick Holden is hit by Derick Brassard and loses puck.
0:24 of 2nd period - Shot by Steven Stamkos.
0:24 of 2nd period - Shot Misses the Net.
0:26 of 2nd period - Shot by Anton Stralman.
0:26 of 2nd period - Stopped by Petr Mrazek without a rebound.
0:27 of 2nd period - Brock Nelson wins face-off versus Nicklas Backstrom in MapleLeafs zone.
0:34 of 2nd period - Minor Penalty to Antoine Roussel for Roughing.
0:35 of 2nd period - Milan Lucic wins face-off versus Nicklas Backstrom in MapleLeafs zone.
0:35 of 2nd period - Milan Lucic is hit by Nicklas Backstrom.
0:49 of 2nd period - Shot by Steven Stamkos.
0:49 of 2nd period - Shot Misses the Net.
1:03 of 2nd period - Shot by Roman Josi.
1:03 of 2nd period - Shot Blocked by Jay Bouwmeester.
1:45 of 2nd period - Shot by Derick Brassard.
1:45 of 2nd period - Shot Misses the Net.
2:12 of 2nd period - Icing by Valtteri Filppula.
2:13 of 2nd period - Valtteri Filppula wins face-off versus Brock Nelson in Predators zone.
2:20 of 2nd period - Shot by Artem Anisimov.
2:20 of 2nd period - Shot Misses the Net.
2:37 of 2nd period - Jaden Schwartz is hit by Jamie Oleksiak and loses puck.
2:43 of 2nd period - Icing by Michael Del Zotto.
2:44 of 2nd period - Justin Abdelkader wins face-off versus Daniel Briere in MapleLeafs zone.
4:18 of 2nd period - Shot by Vladimir Tarasenko.
4:18 of 2nd period - Goal by Vladimir Tarasenko - Predators : 2 - MapleLeafs : 2.
4:19 of 2nd period - Brock Nelson wins face-off versus Steven Stamkos in neutral zone.
4:44 of 2nd period - Shot by Steven Stamkos.
4:44 of 2nd period - Stopped by Petr Mrazek without a rebound.
4:45 of 2nd period - Casey Cizikas wins face-off versus Milan Lucic in MapleLeafs zone.
4:45 of 2nd period - Casey Cizikas is hit by Nick Holden.
5:44 of 2nd period - Shot by Devante Smith-Pelly.
5:44 of 2nd period - Shot Hit the Post.
5:46 of 2nd period - Shot by Alexei Emelin.
5:46 of 2nd period - Stopped by Carter Hutton with a rebound.
6:29 of 2nd period - Minor Penalty to Gregory Campbell for Roughing.
6:30 of 2nd period - Nicklas Backstrom wins face-off versus Milan Lucic in MapleLeafs zone.
6:55 of 2nd period - Shot by Nicklas Backstrom.
6:55 of 2nd period - Stopped by Petr Mrazek without a rebound.
6:56 of 2nd period - Milan Lucic wins face-off versus Nicklas Backstrom in MapleLeafs zone.
7:58 of 2nd period - Shot by Artem Anisimov.
7:58 of 2nd period - Stopped by Petr Mrazek without a rebound.
7:59 of 2nd period - Milan Lucic wins face-off versus Nicklas Backstrom in MapleLeafs zone.
8:08 of 2nd period - Shot by Steven Stamkos.
8:08 of 2nd period - Stopped by Petr Mrazek with a rebound.
8:12 of 2nd period - Shot by Roman Josi.
8:12 of 2nd period - Shot Misses the Net.
8:14 of 2nd period - Shot by Jaden Schwartz.
8:14 of 2nd period - Stopped by Petr Mrazek without a rebound.
8:15 of 2nd period - Valtteri Filppula wins face-off versus Milan Lucic in MapleLeafs zone.
8:22 of 2nd period - Shot by Valtteri Filppula.
8:22 of 2nd period - Stopped by Petr Mrazek without a rebound.
8:23 of 2nd period - Valtteri Filppula wins face-off versus Vladimir Tarasenko in MapleLeafs zone.
8:24 of 2nd period - Shot by Anton Stralman.
8:24 of 2nd period - Stopped by Petr Mrazek with a rebound.
8:45 of 2nd period - Shot by Zach Bogosian.
8:45 of 2nd period - Stopped by Petr Mrazek with a rebound.
9:01 of 2nd period - Antoine Vermette is hit by J.T. Miller and loses puck.
9:23 of 2nd period - Minor Penalty to Gregory Campbell for Holding.
9:23 of 2nd period - Minor Penalty to Derick Brassard for Hooking.
9:24 of 2nd period - Steven Stamkos wins face-off versus Antoine Roussel in neutral zone.
9:36 of 2nd period - Steven Stamkos is hit by Nick Holden.
9:42 of 2nd period - Shot by Max Pacioretty.
9:42 of 2nd period - Shot Misses the Net.
9:49 of 2nd period - Jay Bouwmeester is hit by Cody Franson and loses puck.
9:52 of 2nd period - Shot by Antoine Roussel.
9:52 of 2nd period - Stopped by Carter Hutton without a rebound.
9:53 of 2nd period - Steven Stamkos wins face-off versus Antoine Roussel in Predators zone.
10:59 of 2nd period - Shot by Valtteri Filppula.
10:59 of 2nd period - Stopped by Petr Mrazek without a rebound.
11:00 of 2nd period - Steven Stamkos wins face-off versus Daniel Briere in MapleLeafs zone.
11:27 of 2nd period - Shot by Antoine Vermette.
11:27 of 2nd period - Stopped by Carter Hutton without a rebound.
11:28 of 2nd period - Casey Cizikas wins face-off versus Michael Grabner in Predators zone.
11:28 of 2nd period - Casey Cizikas is hit by Milan Lucic.
11:34 of 2nd period - Shot by Valtteri Filppula.
11:34 of 2nd period - Shot Blocked by Milan Lucic.
12:32 of 2nd period - Shot by Antoine Roussel.
12:32 of 2nd period - Shot Misses the Net.
12:59 of 2nd period - Icing by Nick Holden.
13:00 of 2nd period - Brock Nelson wins face-off versus Steven Stamkos in MapleLeafs zone.
13:14 of 2nd period - Minor Penalty to Steven Stamkos for Hooking.
13:15 of 2nd period - Milan Lucic wins face-off versus J.T. Miller in Predators zone.
13:45 of 2nd period - Patrik Berglund is hit by Alexei Emelin.
13:57 of 2nd period - Shot by Eric Gelinas.
13:57 of 2nd period - Stopped by Carter Hutton without a rebound.
13:58 of 2nd period - Brock Nelson wins face-off versus Casey Cizikas in Predators zone.
14:03 of 2nd period - Shot by Nick Holden.
14:03 of 2nd period - Stopped by Carter Hutton without a rebound.
14:04 of 2nd period - Casey Cizikas wins face-off versus Brock Nelson in Predators zone.
14:12 of 2nd period - Icing by Jay Bouwmeester.
14:13 of 2nd period - Brock Nelson wins face-off versus Casey Cizikas in MapleLeafs zone.
14:18 of 2nd period - Casey Cizikas is hit by Devante Smith-Pelly and loses puck.
14:58 of 2nd period - Brandon Prust is hit by Antoine Roussel and loses puck.
15:36 of 2nd period - Shot by Antoine Vermette.
15:36 of 2nd period - Shot Misses the Net.
15:38 of 2nd period - Shot by Gregory Campbell.
15:38 of 2nd period - Stopped by Carter Hutton with a rebound.
15:40 of 2nd period - Shot by Gregory Campbell.
15:40 of 2nd period - Goal by Gregory Campbell - Predators : 2 - MapleLeafs : 3.
15:41 of 2nd period - Steven Stamkos wins face-off versus Milan Lucic in neutral zone.
17:01 of 2nd period - Shot by Nicklas Backstrom.
17:01 of 2nd period - Shot Misses the Net.
17:07 of 2nd period - Shot by Jaden Schwartz.
17:07 of 2nd period - Stopped by Petr Mrazek with a rebound.
17:24 of 2nd period - Shot by Max Pacioretty.
17:24 of 2nd period - Shot Misses the Net.
17:26 of 2nd period - Shot by Anton Stralman.
17:26 of 2nd period - Shot Misses the Net.
17:28 of 2nd period - Shot by Anton Stralman.
17:28 of 2nd period - Shot Misses the Net.
17:38 of 2nd period - Shot by Cody Franson.
17:38 of 2nd period - Shot Misses the Net.
17:52 of 2nd period - Shot by Antoine Roussel.
17:52 of 2nd period - Shot Misses the Net.
17:54 of 2nd period - Shot by Antoine Roussel.
17:54 of 2nd period - Stopped by Carter Hutton without a rebound.
17:55 of 2nd period - J.T. Miller wins face-off versus Brock Nelson in Predators zone.
17:55 of 2nd period - Cody Franson is hit by Antoine Roussel and loses puck.
18:09 of 2nd period - Off-side.
18:10 of 2nd period - Casey Cizikas wins face-off versus Milan Lucic in neutral zone.
18:27 of 2nd period - Shot by Valtteri Filppula.
18:27 of 2nd period - Shot Misses the Net.
18:29 of 2nd period - Shot by Valtteri Filppula.
18:29 of 2nd period - Shot Misses the Net.
18:31 of 2nd period - Shot by Zach Bogosian.
18:31 of 2nd period - Shot Misses the Net.
18:38 of 2nd period - Icing by Vladimir Tarasenko.
18:39 of 2nd period - Steven Stamkos wins face-off versus Milan Lucic in MapleLeafs zone.
18:54 of 2nd period - Eric Gelinas is hit by Steven Stamkos.
19:14 of 2nd period - Roman Josi is hit by Antoine Roussel and loses puck.
19:21 of 2nd period - Shot by Antoine Roussel.
19:21 of 2nd period - Stopped by Carter Hutton without a rebound.
19:22 of 2nd period - Daniel Briere wins face-off versus Nicklas Backstrom in Predators zone.
19:35 of 2nd period - Shot by Nicklas Backstrom.
19:35 of 2nd period - Shot Blocked by Jay Bouwmeester.
19:37 of 2nd period - Shot by Max Pacioretty.
19:37 of 2nd period - Stopped by Petr Mrazek without a rebound.
19:38 of 2nd period - Casey Cizikas wins face-off versus Brock Nelson in MapleLeafs zone.
19:59 of 2nd period - Shot by Brock Nelson.
19:59 of 2nd period - Stopped by Carter Hutton without a rebound.
Goals for this period are 0 for Predators vs 2 for MapleLeafs.
Shots for this period are 12 for Predators vs 11 for MapleLeafs.

3rd period


0:01 of 3rd period - Nicklas Backstrom wins face-off versus Milan Lucic in neutral zone.
0:03 of 3rd period - Minor Penalty to Milan Lucic for Tripping.
0:04 of 3rd period - Nicklas Backstrom wins face-off versus Antoine Roussel in MapleLeafs zone.
0:05 of 3rd period - Shot by Max Pacioretty.
0:05 of 3rd period - Shot Misses the Net.
0:17 of 3rd period - Nicklas Backstrom is hit by Antoine Roussel and loses puck.
0:24 of 3rd period - Shot by Evander Kane.
0:24 of 3rd period - Shot Blocked by Steven Stamkos.
0:50 of 3rd period - Shot by Steven Stamkos.
0:50 of 3rd period - Stopped by Petr Mrazek with a rebound.
1:08 of 3rd period - Shot by Anton Stralman.
1:08 of 3rd period - Shot Misses the Net.
1:10 of 3rd period - Shot by Zach Bogosian.
1:10 of 3rd period - Stopped by Petr Mrazek without a rebound.
1:11 of 3rd period - Valtteri Filppula wins face-off versus Antoine Roussel in MapleLeafs zone.
1:14 of 3rd period - Shot by Artem Anisimov.
1:14 of 3rd period - Stopped by Petr Mrazek with a rebound.
1:46 of 3rd period - Shot by Valtteri Filppula.
1:46 of 3rd period - Stopped by Petr Mrazek without a rebound.
1:47 of 3rd period - Nicklas Backstrom wins face-off versus Vladimir Tarasenko in MapleLeafs zone.
1:58 of 3rd period - Shot by Steven Stamkos.
1:58 of 3rd period - Shot Misses the Net.
2:46 of 3rd period - Shot by Antoine Vermette.
2:46 of 3rd period - Stopped by Carter Hutton without a rebound.
2:47 of 3rd period - Nicklas Backstrom wins face-off versus Brock Nelson in Predators zone.
2:47 of 3rd period - Nicklas Backstrom is hit by Devante Smith-Pelly.
2:50 of 3rd period - Minor Penalty to Antoine Roussel for Tripping.
2:51 of 3rd period - Nicklas Backstrom wins face-off versus Milan Lucic in MapleLeafs zone.
3:22 of 3rd period - Shot by Jaden Schwartz.
3:22 of 3rd period - Shot Blocked by Nick Holden.
3:24 of 3rd period - Shot by Max Pacioretty.
3:24 of 3rd period - Stopped by Petr Mrazek with a rebound.
3:46 of 3rd period - Shot by Derick Brassard.
3:46 of 3rd period - Shot Misses the Net.
3:48 of 3rd period - Shot by Artem Anisimov.
3:48 of 3rd period - Shot Misses the Net.
3:50 of 3rd period - Shot by Roman Josi.
3:50 of 3rd period - Stopped by Petr Mrazek with a rebound.
3:52 of 3rd period - Shot by Roman Josi.
3:52 of 3rd period - Stopped by Petr Mrazek with a rebound.
3:54 of 3rd period - Shot by Artem Anisimov.
3:54 of 3rd period - Shot Misses the Net.
3:56 of 3rd period - Shot by Steven Stamkos.
3:56 of 3rd period - Shot Blocked by Jay Bouwmeester.
4:22 of 3rd period - Shot by Roman Josi.
4:22 of 3rd period - Stopped by Petr Mrazek without a rebound.
4:23 of 3rd period - Vladimir Tarasenko wins face-off versus Nicklas Backstrom in MapleLeafs zone.
4:23 of 3rd period - Vladimir Tarasenko is hit by Jaden Schwartz.
4:44 of 3rd period - Shot by Jaden Schwartz.
4:44 of 3rd period - Stopped by Petr Mrazek without a rebound.
4:45 of 3rd period - Vladimir Tarasenko wins face-off versus Valtteri Filppula in MapleLeafs zone.
4:52 of 3rd period - Cody Franson is hit by Gregory Campbell and loses puck.
5:58 of 3rd period - Artem Anisimov is hit by Alexei Emelin and loses puck.
6:01 of 3rd period - Shot by Nikita Zadorov.
6:01 of 3rd period - Shot Misses the Net.
6:04 of 3rd period - Steven Stamkos is hit by Alexei Emelin and loses puck.
6:13 of 3rd period - Shot by Steven Stamkos.
6:13 of 3rd period - Stopped by Petr Mrazek without a rebound.
6:14 of 3rd period - Nicklas Backstrom wins face-off versus Milan Lucic in MapleLeafs zone.
6:51 of 3rd period - Shot by Evander Kane.
6:51 of 3rd period - Shot Blocked by Anton Stralman.
7:07 of 3rd period - Shot by Brock Nelson.
7:07 of 3rd period - Deflect By Antoine Roussel.
7:07 of 3rd period - Shot Misses the Net.
7:09 of 3rd period - Shot by Alexei Emelin.
7:09 of 3rd period - Stopped by Carter Hutton with a rebound.
7:11 of 3rd period - Shot by Antoine Roussel.
7:11 of 3rd period - Stopped by Carter Hutton with a rebound.
7:13 of 3rd period - Shot by Antoine Roussel.
7:13 of 3rd period - Shot Misses the Net.
7:15 of 3rd period - Shot by Alexei Emelin.
7:15 of 3rd period - Shot Misses the Net.
7:20 of 3rd period - Devante Smith-Pelly is hit by Jordie Benn and loses puck.
7:24 of 3rd period - Minor Penalty to Jordie Benn for Slashing.
7:25 of 3rd period - Casey Cizikas wins face-off versus Devante Smith-Pelly in Predators zone.
7:25 of 3rd period - Casey Cizikas is hit by Antoine Roussel.
7:57 of 3rd period - Roman Josi is hit by Devante Smith-Pelly and loses puck.
8:17 of 3rd period - Shot by Eric Gelinas.
8:17 of 3rd period - Stopped by Carter Hutton without a rebound.
8:18 of 3rd period - Milan Lucic wins face-off versus Casey Cizikas in Predators zone.
8:19 of 3rd period - Shot by Vladimir Tarasenko.
8:19 of 3rd period - Shot Misses the Net.
9:04 of 3rd period - Shot by Jay Bouwmeester.
9:04 of 3rd period - Shot Misses the Net.
9:14 of 3rd period - Shot by Devante Smith-Pelly.
9:14 of 3rd period - Shot Misses the Net.
9:16 of 3rd period - Shot by Nick Holden.
9:16 of 3rd period - Shot Misses the Net.
9:18 of 3rd period - Shot by Jay Bouwmeester.
9:18 of 3rd period - Stopped by Carter Hutton without a rebound.
9:19 of 3rd period - Milan Lucic wins face-off versus Casey Cizikas in Predators zone.
9:19 of 3rd period - Milan Lucic is hit by Anton Stralman.
9:39 of 3rd period - Off-side.
9:40 of 3rd period - Gregory Campbell wins face-off versus Steven Stamkos in neutral zone.
9:49 of 3rd period - Shot by Daniel Briere.
9:49 of 3rd period - Shot Misses the Net.
10:11 of 3rd period - Steven Stamkos is hit by Gregory Campbell and loses puck.
10:27 of 3rd period - Icing by Anton Stralman.
10:28 of 3rd period - Steven Stamkos wins face-off versus Brock Nelson in Predators zone.
10:39 of 3rd period - Anton Stralman is hit by Antoine Roussel and loses puck.
10:44 of 3rd period - Shot by Brock Nelson.
10:44 of 3rd period - Shot Misses the Net.
10:46 of 3rd period - Shot by Nick Holden.
10:46 of 3rd period - Shot Misses the Net.
10:48 of 3rd period - Shot by Jay Bouwmeester.
10:48 of 3rd period - Stopped by Carter Hutton with a rebound.
11:01 of 3rd period - Icing by Artem Anisimov.
11:02 of 3rd period - Steven Stamkos wins face-off versus Milan Lucic in Predators zone.
11:29 of 3rd period - Off-side.
11:30 of 3rd period - Daniel Briere wins face-off versus Casey Cizikas in neutral zone.
12:00 of 3rd period - Shot by Antoine Vermette.
12:00 of 3rd period - Shot Misses the Net.
12:13 of 3rd period - Shot by Antoine Vermette.
12:13 of 3rd period - Goal by Antoine Vermette - Predators : 2 - MapleLeafs : 4.
12:14 of 3rd period - Nicklas Backstrom wins face-off versus Milan Lucic in neutral zone.
12:17 of 3rd period - Shot by Jaden Schwartz.
12:17 of 3rd period - Shot Misses the Net.
12:43 of 3rd period - Shot by Vladimir Tarasenko.
12:43 of 3rd period - Stopped by Carter Hutton without a rebound.
12:44 of 3rd period - Devante Smith-Pelly wins face-off versus Steven Stamkos in Predators zone.
12:52 of 3rd period - Derick Brassard is hit by Michael Del Zotto and loses puck.
12:58 of 3rd period - Devante Smith-Pelly is hit by Cody Franson and loses puck.
12:59 of 3rd period - Minor Penalty to Cody Franson for Roughing.
13:00 of 3rd period - Casey Cizikas wins face-off versus Milan Lucic in Predators zone.
13:00 of 3rd period - Casey Cizikas is hit by Evander Kane.
13:20 of 3rd period - Shot by Vladimir Tarasenko.
13:20 of 3rd period - Stopped by Carter Hutton without a rebound.
13:21 of 3rd period - Casey Cizikas wins face-off versus Brock Nelson in Predators zone.
14:16 of 3rd period - Shot by Zach Bogosian.
14:16 of 3rd period - Shot Misses the Net.
15:11 of 3rd period - Shot by Max Pacioretty.
15:11 of 3rd period - Stopped by Petr Mrazek without a rebound.
15:12 of 3rd period - Nicklas Backstrom wins face-off versus Daniel Briere in MapleLeafs zone.
15:21 of 3rd period - Shot by Max Pacioretty.
15:21 of 3rd period - Stopped by Petr Mrazek without a rebound.
15:22 of 3rd period - Milan Lucic wins face-off versus Steven Stamkos in MapleLeafs zone.
15:31 of 3rd period - Shot by Steven Stamkos.
15:31 of 3rd period - Stopped by Petr Mrazek without a rebound.
15:32 of 3rd period - Nicklas Backstrom wins face-off versus Milan Lucic in MapleLeafs zone.
15:41 of 3rd period - Shot by Max Pacioretty.
15:41 of 3rd period - Shot Hit the Post.
16:13 of 3rd period - Shot by Nicklas Backstrom.
16:13 of 3rd period - Shot Blocked by Jay Bouwmeester.
16:15 of 3rd period - Shot by Nicklas Backstrom.
16:15 of 3rd period - Shot Misses the Net.
16:17 of 3rd period - Shot by Nicklas Backstrom.
16:17 of 3rd period - Goal by Nicklas Backstrom - Predators : 3 - MapleLeafs : 4.
16:18 of 3rd period - Brock Nelson wins face-off versus Steven Stamkos in neutral zone.
16:18 of 3rd period - Brock Nelson is hit by Steven Stamkos.
16:19 of 3rd period - Minor Penalty to Steven Stamkos for Interference.
16:20 of 3rd period - Casey Cizikas wins face-off versus Antoine Roussel in Predators zone.
16:20 of 3rd period - Roman Josi is hit by Antoine Roussel and loses puck.
16:35 of 3rd period - Shot by Devante Smith-Pelly.
16:35 of 3rd period - Stopped by Carter Hutton with a rebound.
16:43 of 3rd period - Shot by Devante Smith-Pelly.
16:43 of 3rd period - Shot Misses the Net.
16:45 of 3rd period - Shot by Brock Nelson.
16:45 of 3rd period - Shot Misses the Net.
16:57 of 3rd period - Shot by Eric Gelinas.
16:57 of 3rd period - Deflect By Devante Smith-Pelly.
16:57 of 3rd period - Shot Blocked by Jordie Benn.
16:59 of 3rd period - Shot by Eric Gelinas.
16:59 of 3rd period - Stopped by Carter Hutton with a rebound.
17:01 of 3rd period - Shot by Brock Nelson.
17:01 of 3rd period - Shot Hit the Post.
17:23 of 3rd period - Icing by Nick Holden.
17:24 of 3rd period - Artem Anisimov wins face-off versus Milan Lucic in MapleLeafs zone.
17:35 of 3rd period - Shot by Evander Kane.
17:35 of 3rd period - Stopped by Carter Hutton with a rebound.
18:08 of 3rd period - Off-side.
18:09 of 3rd period - Brock Nelson wins face-off versus Brandon Prust in neutral zone.
18:20 of 3rd period - Shot by Devante Smith-Pelly.
18:20 of 3rd period - Stopped by Carter Hutton with a rebound.
18:31 of 3rd period - Off-side.
18:32 of 3rd period - Antoine Roussel wins face-off versus Steven Stamkos in neutral zone.
19:00 of 3rd period - Predators, Carter Hutton is pulled from the net.
19:00 of 3rd period - Shot by Steven Stamkos.
19:00 of 3rd period - Shot Misses the Net.
19:39 of 3rd period - Icing by Anton Stralman.
19:40 of 3rd period - Carter Hutton from Predators was sent back in the game.
19:40 of 3rd period - Nicklas Backstrom wins face-off versus Milan Lucic in Predators zone.
19:40 of 3rd period - Nicklas Backstrom is hit by Milan Lucic.
19:47 of 3rd period - Predators, Carter Hutton is pulled from the net.
19:53 of 3rd period - Shot by Valtteri Filppula.
19:53 of 3rd period - Stopped by Petr Mrazek without a rebound.
19:54 of 3rd period - Max Pacioretty wins face-off versus Milan Lucic in MapleLeafs zone.
Goals for this period are 1 for Predators vs 1 for MapleLeafs.
Shots for this period are 15 for Predators vs 13 for MapleLeafs.


Output by the SimonT Hockey Simulator (STHS) for Stephane Roy -- Original Page W3C XHTML 1.0 Valid
Hockey Simulator - Hockey Simulation - Hockey Manager